AoeStats
← Didi

Arabia

510675442Analyzed
4v4 RM · 1d ago on Oct 2, 2026· 49m 2s· 8 players
Game mode
Random Map
Map size
Large (8 player)
Population
200
Speed
Normal
Resources
Standard
Victory
Conquest
Starting age
Dark Age
Ending age
Imperial Age
RankedLock teamsTeams togetherTeam positionsShared explorationLock speedFull tech treeHidden civsTurbo modeCheats
Victory
Defeat
🇲🇽 Britons · Mexico
1663
+10
🇦🇷 Ethiopians · Argentina
1630
+11
🇺🇸 Bengalis · United States
1550
+14
🇲🇽 Franks · Mexico
1511
+16
🇲🇽 Koreans · Mexico
1664
-18
🇲🇽 Varangians · Mexico
1576
-15
🇲🇽 Mongols · Mexico
1469
-11
🇨🇴 Ethiopians · Colombia
1339
-7
The Lord Daniel
6:02 Loom
9:10 Feudal Age
11:49 Double-Bit Axe
18:30 Scale Barding Armor
18:38 Forging
20:08 Gold Mining
21:23 Gold Mining
23:54 Castle Age
22:59 Scale Barding Armor
25:00 Chain Barding Armor
24:56 Bow Saw
25:07 Husbandry
33:08 Wheelbarrow
36:58 Hand Cart
42:43 Imperial Age
41:48 Iron Casting
44:11 Plate Barding Armor
44:39 Blast Furnace
44:10 Town Watch
43:46 Cavalier
45:52 Gold Shaft Mining
45:08 Stone Mining
45:18 Paladin
48:09 Conscription
48:00 Chivalry
VL Crosnay
5:45 Loom
8:48 Feudal Age
9:22 Double-Bit Axe
14:28 Fletching
18:40 Padded Archer Armor
19:36 Gold Mining
20:44 Wheelbarrow
24:18 Castle Age
24:20 Crossbowman
24:56 Bodkin Arrow
25:35 Bow Saw
26:44 Ballistics
29:36 Leather Archer Armor
31:35 Town Watch
45:51 Imperial Age
44:14 Hand Cart
44:33 Town Patrol
45:18 Gold Shaft Mining
44:33 Stone Mining
44:55 Horse Collar
45:49 Heavy Plow
46:48 Yeomen
47:35 Chemistry
46:36 Bracer
47:12 Ring Archer Armor
47:22 Conscription
49:49 Coinage
49:43 Siege Engineers
Didi
6:43 Loom
9:05 Feudal Age
9:35 Double-Bit Axe
10:59 Gold Mining
12:59 Fletching
21:33 Padded Archer Armor
25:46 Castle Age
25:48 Crossbowman
26:24 Bodkin Arrow
26:41 Town Watch
28:01 Ballistics
29:43 Scale Mail Armor
31:06 Wheelbarrow
33:34 Thumb Ring
35:16 Bow Saw
37:13 Forging
42:46 Imperial Age
42:40 Hand Cart
42:16 Horse Collar
43:04 Arbalester
44:43 Bracer
47:06 Chemistry
47:10 Conscription
47:39 Leather Archer Armor
48:27 Masonry
bipeng2008
6:16 Loom
8:49 Feudal Age
9:44 Double-Bit Axe
12:10 Horse Collar
17:06 Forging
18:13 Bloodlines
19:44 Wheelbarrow
23:10 Castle Age
21:38 Scale Barding Armor
24:43 Chain Barding Armor
25:02 Iron Casting
24:42 Bow Saw
26:01 Husbandry
34:10 Town Watch
40:32 Imperial Age
39:49 Hand Cart
40:18 Fletching
40:29 Padded Archer Armor
40:50 Elite Battle Elephant
42:17 Town Patrol
43:18 Blast Furnace
42:16 Bodkin Arrow
42:36 Leather Archer Armor
43:35 Plate Barding Armor
42:59 Elite Elephant Archer
44:30 Heavy Plow
45:03 Bracer
46:03 Ring Archer Armor
46:42 Ballistics
47:22 Chemistry
47:42 Paiks
47:58 Conscription
MZTK | BALLON BOY
6:24 Loom
8:11 Feudal Age
11:46 Fletching
27:28 Castle Age
28:18 Thumb Ring
30:06 Crossbowman
31:20 Bodkin Arrow
36:09 Ballistics
51:07 Imperial Age
MZTK |Kiss
6:24 Loom
8:45 Feudal Age
9:22 Double-Bit Axe
9:19 Horse Collar
20:55 Castle Age
19:34 Forging
20:15 Scale Mail Armor
22:12 Squires
23:09 Chain Mail Armor
24:58 Fletching
26:32 Bodkin Arrow
32:06 Bow Saw
32:14 Husbandry
33:21 Ballistics
MZTK | Tormenta
5:58 Loom
9:20 Feudal Age
12:49 Double-Bit Axe
14:05 Fletching
26:25 Wheelbarrow
30:22 Castle Age
30:25 Crossbowman
31:32 Bodkin Arrow
31:38 Padded Archer Armor
42:27 Ballistics
MZTK | UVA
6:46 Loom
9:14 Feudal Age
10:00 Double-Bit Axe
19:48 Castle Age
18:36 Forging
18:45 Gold Mining
19:18 Scale Barding Armor
23:58 Horse Collar
24:42 Bloodlines
27:20 Iron Casting
28:49 Chain Barding Armor
37:38 Wheelbarrow
40:36 Town Watch
46:51 Imperial Age
45:53 Scale Mail Armor
Connection lost

Rejoining the realm…

Still unreachable

The connection could not be restored.

Session expired

The server has moved on; the page needs a fresh start.